 Dungeon Sprint DCSS version 0.30-a0-634-g8abc85282e (webtiles) character file.

Game seed: 12143644293953251433

1957 mhtbhm the Eclecticist (level 8, -10/41 HPs)
             Began as a Deep Elf Earth Elementalist on Jan 15, 2023.
             Was a Priest of Vehumet.
             Shot with an arrow by a centaur warrior (21 damage)
             ... in the Dungeon (Sprint III: "The Ten Rune Challenge").
             The game lasted 00:03:59 (778 turns).

mhtbhm the Eclecticist (Deep Elf Earth Elementalist) Turns: 778, Time: 00:04:00

Health: -10/41     AC:  3    Str:  5    XL:     8   Next: 99%
Magic:  24/30      EV: 15    Int: 23    God:    Vehumet [***...]
Gold:   31         SH:  0    Dex: 15    Spells: 26/39 levels left

rFire   . . .      SeeInvis .    l - +2 dagger (venom)
rCold   + . .      Faith    .    (no shield)
rNeg    . . .      Spirit   .    a - +1 robe {rC+}
rPois   .          Reflect  .    (no helmet)
rElec   .          Harm     .    (no cloak)
rCorr   .          Rampage  .    (no gloves)
Will    .....      NoTele   +    (no boots)
Stlth   +++                      (no amulet)
HPRegen 0.26/turn                (no ring)
MPRegen 0.22/turn                (no ring)

@: no status effects
A: no striking features
a: Renounce Religion


You were in the Dungeon.
You worshipped Vehumet.
Vehumet was most pleased with you.
You visited 1 branch You collected 31 gold pieces.

Inventory:

Hand Weapons
 l - a +2 dagger of venom (weapon)
Armour
 a - a +1 robe of cold resistance (worn)
Scrolls
 e - a scroll of torment {unknown}
 g - a scroll of blinking
 h - 2 scrolls of identify {unknown}
 i - a scroll of poison {unknown}
Potions
 b - 3 potions of magic
 c - a potion of curing
 f - 2 potions of berserk rage
 j - a potion of flight {unknown}
 k - 6 potions of mutation
Miscellaneous
 d - a condenser vane (inert)


   Skills:
 + Level 6.4 Dodging
 + Level 6.3 Stealth
 + Level 16.4 Spellcasting
 + Level 2.9 Conjurations
 + Level 1.6 Transmutations
 + Level 0.8 Air Magic
 + Level 15.1 Earth Magic
 + Level 2.0 Poison Magic


You had 26 spell levels left.
You knew the following spells:

 Your Spells              Type           Power      Damage    Failure   Level
a - Sandblast             Erth           100%       2d20      0%          1
b - Passwall              Tmut/Erth      45%        N/A       1%          2
c - Stone Arrow           Conj/Erth      100%       3d13      1%          3
d - Petrify               Tmut/Erth      55%        N/A       1%          4
e - Mephitic Cloud        Conj/Pois/Air  27%        N/A       1%          3

Your spell library contained the following spells:

 Spells                   Type           Power      Damage    Failure   Level
 Searing Ray              Conj           64%        2d6       1%          2
 Freeze                   Ice            72%        1d8       1%          1
 Poisonous Vapours        Pois/Air       50%        N/A       1%          2
 Hailstorm                Conj/Ice       25%        3d7       1%          3
 Frozen Ramparts          Ice            36%        1d6       2%          3
 Cigotuvi's Dreadful Rot  Necr/Pois/Air  46%        N/A       3%          2


Dungeon Overview and Level Annotations

Branches:
Dungeon (1/1)

Altars:
Cheibriados
Dithmenos
Elyvilon
Fedhas
Gozag
Hepliaklqana
Kikubaaqudgha
Makhleb
Nemelex Xobeh
Okawaru
Qazlal
Ru
Sif Muna
Trog
Uskayaw
Vehumet
Wu Jian
Xom
Yredelemnul
Zin
The Shining One
Jiyva
Lugonu


Message History

Unknown command.
Clouds of poison gas condense around you!
The condenser dries out!
The centaur warrior is poisoned.
The centaur is engulfed in poison gas.
The centaur is poisoned.
The centaur shoots an arrow.
The arrow barely misses you.
Unknown command.
Unknown command.
Unknown command.
Unknown command.
Unknown command.
You feel better.
Unknown command.
Unknown command.
Okay, then.
Casting: Stone Arrow (safe; 1% risk of failure)
Confirm with . or Enter, or press ? or * to list all spells.
Aiming: Stone Arrow (safe; 1% risk of failure)
Press: ? - help, Shift-Dir - straight line, f - centaur warrior
Aim: a centaur warrior, wielding a +0 longbow (poison gas, lightly wounded, poisoned, 84% to hit)
The stone arrow hits the centaur warrior!!
The centaur warrior is heavily wounded.
The centaur warrior looks even sicker.
The centaur warrior shoots an arrow.
The arrow hits you!
* * * LOW HITPOINT WARNING * * *
The centaur warrior is engulfed in poison gas.
The centaur warrior looks even sicker.
The centaur warrior shoots an arrow.
The arrow completely misses you.
Unknown command.
Unknown command.
Casting: Stone Arrow (safe; 1% risk of failure)
Confirm with . or Enter, or press ? or * to list all spells.
Aiming: Stone Arrow (safe; 1% risk of failure)
Press: ? - help, Shift-Dir - straight line, f/p - centaur warrior
Aim: a centaur warrior, wielding a +0 longbow (poison gas, heavily wounded, very poisoned, 84% to hit)
The stone arrow hits the centaur warrior!!
The centaur warrior is almost dead.
The centaur warrior looks as sick as possible!
The centaur warrior shoots an arrow.
The arrow hits you!!
Ouch! That really hurt!
You die...

#__)#._# #†###)##
..†....# .......#
######'#
#__#...#+#############
#__#...#..~~~'.#.c.c.+
#__#...#.#[~~#.#.#c..#
#__#...'.#.§.#.#@#cc.#
#__'...#.#...#...#.c.#
▓▓▓▓▓▓▓▓▓▓▓▓▓▓▓▓▓▓▓▓▓#


You could see a centaur warrior (extremely poisoned).

Vanquished Creatures
  Josephine (D)
  A deep elf pyromancer (D)
  A shadow (D)
  A spatial vortex (D)
  An earth elemental (D)
  A necrophage (D)
  A water elemental (D)
  A jelly (D)
  A wizard (D)
  Jessica (D)
  A necromancer (D)
  3 humans (D)
  A kobold demonologist (D)
  A phantom (D)
  3 rats (D)
19 creatures vanquished.

Notes
Turn   | Place    | Note
-------+----------+-------------------------------------------
     0 | D        | mhtbhm the Deep Elf Earth Elementalist began the quest for
                  | the Orb.
     0 | D        | Reached XP level 1. HP: 10/10 MP: 6/6
    37 | D        | Noticed Jessica
    38 | D        | Killed Jessica
    39 | D        | Reached skill level 4 in Spellcasting
    39 | D        | Reached skill level 5 in Earth Magic
    39 | D        | Reached XP level 2. HP: 15/15 MP: 5/9
    50 | D        | Learned a level 2 spell: Passwall
   105 | D        | Reached skill level 5 in Spellcasting
   105 | D        | Reached XP level 3. HP: 19/19 MP: 5/11
   125 | D        | Noticed a water elemental
   129 | D        | Killed a water elemental
   130 | D        | Reached skill level 6 in Spellcasting
   130 | D        | Reached XP level 4. HP: 24/24 MP: 2/14
   136 | D        | Found a radiant altar of Vehumet.
   136 | D        | Found a shimmering blue altar of Sif Muna.
   136 | D        | Found an ancient bone altar of Kikubaaqudgha.
   136 | D        | Noticed a wizard
   137 | D        | Killed a wizard
   138 | D        | Reached skill level 7 in Spellcasting
   139 | D        | Reached XP level 5. HP: 28/28 MP: 1/17
   144 | D        | Became a worshipper of Vehumet
   287 | D        | Learned a level 3 spell: Stone Arrow
   292 | D        | Learned a level 4 spell: Petrify
   333 | D        | Learned a level 3 spell: Mephitic Cloud
   349 | D        | Found a basalt altar of Yredelemnul.
   349 | D        | Found a shadowy altar of Dithmenos.
   349 | D        | Found a sacrificial altar of Ru.
   353 | D        | Reached skill level 5 in Dodging
   353 | D        | Reached skill level 8 in Spellcasting
   354 | D        | Reached skill level 9 in Spellcasting
   354 | D        | Reached skill level 10 in Earth Magic
   410 | D        | Found a glowing silver altar of Zin.
   410 | D        | Found a glowing golden altar of the Shining One.
   410 | D        | Found a white marble altar of Elyvilon.
   410 | D        | Noticed a deep elf pyromancer
   416 | D        | Killed a deep elf pyromancer
   416 | D        | Reached * piety under Vehumet
   416 | D        | Offered knowledge of Shock by Vehumet.
   417 | D        | Reached skill level 5 in Stealth
   417 | D        | Reached skill level 12 in Spellcasting
   417 | D        | Reached XP level 6. HP: 20/32 MP: 14/23
   417 | D        | Reached XP level 7. HP: 23/36 MP: 15/25
   475 | D        | Found a hide-covered altar of Uskayaw.
   475 | D        | Found an iron altar of Okawaru.
   475 | D        | Found a bloodstained altar of Trog.
   475 | D        | Found an ornate altar of the Wu Jian Council.
   475 | D        | Noticed a human
   475 | D        | Noticed a human
   479 | D        | Killed a human
   480 | D        | Reached skill level 13 in Spellcasting
   481 | D        | Killed a human
   482 | D        | Reached skill level 1 in Conjurations
   542 | D        | Noticed a shadow
   543 | D        | Killed a shadow
   543 | D        | Reached ** piety under Vehumet
   544 | D        | Reached skill level 14 in Spellcasting
   544 | D        | Reached skill level 1 in Poison Magic
   544 | D        | Reached XP level 8. HP: 41/41 MP: 28/28
   552 | D        | Found a blossoming altar of Fedhas.
   552 | D        | Found a stormy altar of Qazlal.
   552 | D        | Found a snail-covered altar of Cheibriados.
   552 | D        | Found a burning altar of Makhleb.
   552 | D        | Found a shimmering altar of Xom.
   553 | D        | Found a hazy altar of Hepliaklqana.
   553 | D        | Found an opulent altar of Gozag.
   553 | D        | Found a sparkling altar of Nemelex Xobeh.
   553 | D        | Found a corrupted altar of Lugonu.
   553 | D        | Found a viscous altar of Jiyva.
   607 | D        | Noticed Josephine
   610 | D        | Killed Josephine
   610 | D        | Offered knowledge of Searing Ray by Vehumet.
   611 | D        | Reached skill level 16 in Spellcasting
   611 | D        | Reached skill level 15 in Earth Magic
   688 | D        | Reached *** piety under Vehumet
   771 | D        | Noticed a centaur warrior
   778 | D        | Shot with an arrow by a centaur warrior

Illustrated notes

Levels and vault maps discovered:
D:        dungeon_sprint_mu [sprint_mu_entry_forest, sprint_mu_temple_rooms,
          sprint_mu_d1_horrors, sprint_mu_d2_genie, sprint_mu_d3_branching,
          sprint_mu_orc_legion, sprint_mu_elf_gauntlet, sprint_mu_hive_nellie,
          sprint_mu_lair_fedhas, sprint_mu_vaults_butterflies,
          sprint_mu_slime_circle, sprint_mu_swamp_cave, sprint_mu_snake_twists,
          sprint_mu_blade_basic, sprint_mu_crypt_lich, sprint_mu_tomb_spiral,
          sprint_mu_vestibule_basic, sprint_mu_gehenna_hellfire,
          sprint_mu_dis_giant, sprint_mu_tartarus_statrot,
          sprint_mu_cocytus_islands, sprint_mu_zot1]

Skill      XL: |  1  2  3  4  5  6  7  8 |
---------------+-------------------------+-----
Dodging        | 4 6 |  6.4
Stealth        | 3 4 5 6 |  6.3
Spellcasting   | 4 5 6 7 12 14 16 | 16.4
Earth Magic    | 5 6 7 8 12 13 15 | 15.1
Conjurations   | 1 2 |  2.9
Poison Magic   | 1 2 |  2.0
Transmutations | |  1.6
Air Magic      | |  0.8

Action                   |  1- 3 |  4- 6 |  7- 9 || total
-------------------------+-------+-------+-------++-------
 Cast: Sandblast         |    15 |     7 |     2 ||    24
       Stone Arrow       |       |     2 |    18 ||    20
       Mephitic Cloud    |       |       |     1 ||     1
Evoke: Condenser vane    |       |       |     2 ||     2
  Use: Potion            |     1 |     1 |     1 ||     3
Dodge: Dodged            |     1 |     1 |     3 ||     5

Table legend: (Time is in decaauts)
 A = Elapsed time spent in this place.
 B = Non-inter-level travel time spent in this place.
 C = Inter-level travel time spent in this place.
 D = Time resting spent in this place.
 E = Time spent auto-exploring this place.
 F = Levels seen in this place.
 G = Mean time per level.
                   A        B        C        D        E       F      G
               +--------+--------+--------+--------+--------+-----+--------+
         Total |    789 |    789 |      0 |    439 |      1 |   1 |  789.0 |
       Dungeon |    789 |    789 |      0 |    439 |      1 |   1 |  789.0 |
               +--------+--------+--------+--------+--------+-----+--------+

Top non-repeatable levels by time:
       D: 789 daAuts
